 Dungeon Crawl Stone Soup version 0.19.0 (webtiles) character file.

50 Magifyre the Ducker (level 3, 15/15 HPs)
             Began as a Felid Transmuter on Nov 10, 2016.
             Quit the game on level 3 of the Dungeon.
             The game lasted 00:06:38 (3938 turns).

Magifyre the Ducker (Felid Transmuter)              Turns: 3938, Time: 00:06:39

Health: 15/15      AC:  1    Str:  6    XL:     3   Next: 55%
Magic:  7/7        EV: 20    Int: 14    God:
Gold:   228        SH:  0    Dex: 17    Spells: 3 memorised, 0 levels left
                                        Lives:  0   Deaths: 1

rFire  . . .     SeeInvis +       - Unarmed
rCold  . . .     Gourm    .     (armour unavailable)
rNeg   . . .     Faith    .     (shield unavailable)
rPois  .         Spirit   .     (helmet unavailable)
rElec  .         Reflect  .     (cloak unavailable)
rCorr  .         Harm     .     (gloves unavailable)
MR     .....                    (boots unavailable)
Stlth  ++........               (no amulet)
                                (no ring)
                                (no ring)

@: quick
A: no armour, no weapons or thrown items, stealth, claws 1, fangs 3, see
invisible, carnivore 3, speed 1, shaggy fur 1, slow metabolism 1, sharp paws
a: no special abilities


You were on level 3 of the Dungeon.
You were not hungry.

You visited 1 branch of the dungeon, and saw 3 of its levels.

You collected 228 gold pieces.

Inventory:

Missiles
 a - 11 arrows
Scrolls
 d - a scroll of immolation {unknown}
 f - a scroll of recharging {unknown}
 i - 6 scrolls of identify {unknown}
 j - a scroll of amnesia {unknown}
 k - a scroll of enchant weapon {unknown}
 l - 2 scrolls of random uselessness {unknown}
 n - a scroll of fear {unknown}
 q - a scroll of remove curse {unknown}
Potions
 e - a potion of haste {unknown}
 h - a potion of magic {unknown}
 m - a potion of beneficial mutation {unknown}
 o - a potion of brilliance {unknown}
 r - a potion of flight {unknown}
 t - a potion of berserk rage {unknown}
Books
 b - a book of Changes

   Spells                             Type                      Level
   a - Beastly Appendage              Transmutation                1
   b - Sticks to Snakes               Transmutation                2
   c - Spider Form                    Transmutation/Poison         3
   d - Ice Form                       Ice/Transmutation            4
   e - Blade Hands                    Transmutation                5
Comestibles
 c - 3 meat rations
 g - 2 beef jerkies
 p - a slice of pizza


   Skills:
 - Level 1.0 Fighting
 + Level 4.6 Dodging
 + Level 4.5 Unarmed Combat
 - Level 2.0 Spellcasting
 - Level 2.1 Transmutations


You couldn't memorise any spells.
You knew the following spells:

 Your Spells              Type           Power        Failure   Level  Hunger
a - Beastly Appendage     Tmut           #.....       12%         1    ##.....
b - Sticks to Snakes      Tmut           #.......     17%         2    ###....
c - Spider Form           Tmut/Pois      #.........   47%         3    ####...


Dungeon Overview and Level Annotations

Branches:
Dungeon (3/15)

Altars:
Beogh


Innate Abilities, Weirdness & Mutations

You cannot wear armour.
You are incapable of wielding weapons or throwing items.
Your paws allow you to move quietly. (Stealth)
You have sharp claws.
You have razor-sharp teeth.
You have supernaturally acute eyesight. (SInv)
You are carnivorous and can eat meat at any time.
You cover ground quickly.
You are covered in fur. (AC +1)
You have a slow metabolism.
Your sharp claws are effective at attacking unaware monsters.


Message History

You barely miss the orc priest.
You headbutt the orc priest, but do no damage.
The orc priest is heavily wounded.
Your horns disappear.
The orc priest completely misses you.
You scratch the orc priest but do no damage.
The orc priest is heavily wounded.
The orc priest completely misses you.
The orc priest mumbles some strange prayers to Beogh against you.
Beogh smites you!
* * * LOW HITPOINT WARNING * * *
You scratch the orc priest but do no damage.
Your bite misses the orc priest.
The orc priest is heavily wounded.
The orc priest mumbles some strange prayers to Beogh against you.
Pain shoots through your body!
You die...
You are now level 3!
You rejoin the land of the living...
Are you sure you want to abandon this character and quit the game? (Confirm with "yes".)

#............# #.# ######
#............# #.# ####
#............# #.#####...
#............# ##.........
#............# #..........
#....).......# #..........
#########'######..........
#......'..........
#@######.......... ###
#.......... #..........
#........>. #..........
#........<. #...#######
#...# # ##### #


There were no monsters in sight!

Vanquished Creatures
  4 adders
  A gnoll (D:3)
  An ooze (D:1)
  A worm (D:3)
  A dart slug (D:2)
  A leopard gecko (D:2)
  2 orcs (D:3)
  2 giant cockroaches
  6 hobgoblins
  A quokka (D:2)
  7 bats
  3 frilled lizards
  6 goblins
  7 kobolds
  7 rats
50 creatures vanquished.

Notes
Turn   | Place    | Note
-------+----------+-------------------------------------------
     0 | D:1      | Magifyre the Felid Transmuter began the quest for the Orb.
     0 | D:1      | Reached XP level 1. HP: 9/9 MP: 4/4
   334 | D:1      | Reached XP level 2. HP: 8/12 MP: 6/6
   436 | D:1      | Learned a level 2 spell: Sticks to Snakes
  1244 | D:2      | Reached XP level 3. HP: 8/15 MP: 5/7
  2689 | D:2      | Reached XP level 4. HP: 13/19 MP: 8/8
  3108 | D:3      | Found a roughly hewn altar of Beogh.
  3413 | D:3      | Learned a level 3 spell: Spider Form
  3937 | D:3      | Killed from afar by an orc priest
  3938 | D:3      | Reached XP level 3. HP: -4/15 MP: 7/7
  3938 | D:3      | Quit the game

Skill      XL: |  1  2  3 |
---------------+----------+-----
Dodging        | 3 4 |  4.6
Unarmed Combat | 4 |  4.5
Fighting       | |  1.0
Spellcasting   | |  2.0
Transmutations | |  2.1

Action                   |  1- 3 |  4- 6 || total
-------------------------+-------+-------++-------
Melee: Unarmed           |   103 |    55 ||   158
       Bite              |     9 |     3 ||    12
       Headbutt          |     3 |     5 ||     8
       Punch             |     2 |       ||     2
 Cast: Beastly Appendage |     9 |     9 ||    18
       Sticks to Snakes  |     1 |       ||     1
 Stab: Sleeping          |     2 |     3 ||     5
  Eat: Chunk             |    10 |     4 ||    14
Armor: Skin              |     7 |       ||     7
Dodge: Dodged            |    73 |    40 ||   113
